 Dungeon Crawl Stone Soup version 0.31.0-32-g396128a36d (webtiles) character file.

Game seed: 4391253070784354219

597 hawla the Firebug (level 7, 0/36 HPs)
             Began as a Deep Elf Fire Elementalist on Mar 30, 2024.
             Slain by a shadow (20 damage)
             ... on level 5 of the Dungeon on Mar 31, 2024.
             The game lasted 00:08:46 (4171 turns).

hawla the Firebug (Deep Elf Fire Elementalist)      Turns: 4171, Time: 00:08:47

Health: 0/36       AC:  7    Str:  5    XL:     7   Next: 17%
Magic:  7/13       EV: 12    Int: 22    God:
Gold:   213        SH:  0    Dex: 15    Spells: 5/12 levels left

rFire   + . .        (no weapon)
rCold   + . .        (no shield)
rNeg    . . .        a - +1 robe
rPois   .            (no helmet)
rElec   .            i - scarf {rC+ rF+}
rCorr   .            g - +1 pair of gloves
SInv    .            q - +1 pair of boots
Will    .....        (no amulet)
Stlth   ++           (no ring)
HPRegen 0.26/turn    (no ring)
MPRegen 0.13/turn

%: no passive effects
@: no status effects
A: no striking features
a: no special abilities


You were on level 5 of the Dungeon.
You visited 1 branch of the dungeon, and saw 5 of its levels.

You collected 252 gold pieces.
You spent 39 gold pieces at shops.

Inventory:

Armour
 a - a +1 robe (worn)
 g - a +1 pair of gloves (worn)
 i - a scarf of resistance (worn)
 q - a +1 pair of boots (worn)
Scrolls
 d - a scroll of fog
 e - a scroll of amnesia
 k - 2 scrolls of vulnerability
 l - a scroll of enchant weapon
Potions
 b - 3 potions of magic
 f - a potion of enlightenment {unknown}
 h - a potion of mutation {unknown}
 j - a potion of resistance {unknown}
 m - 2 potions of haste {unknown}
 o - a potion of heal wounds {unknown}


   Skills:
 - Level 2.4 Dodging
 - Level 2.4 Stealth
 - Level 3.0 Spellcasting
 + Level 4.7 Conjurations
 - Level 7.8 Fire Magic


You had 5 spell levels left.
You knew the following spells:

 Your Spells              Type           Power      Damage    Failure   Level
a - Foxfire               Conj/Fire      100%       2x1d9     1%          1
b - Scorch                Fire           74%        2d8       1%          2
c - Flame Wave            Conj/Fire      30%        2d9       10%         4

Your spell library contained the following spells:

 Spells                   Type           Power      Damage    Failure   Level
 Sting                    Conj/Alch      52%        1d6       4%          1
 Inner Flame              Hex/Fire       20%        N/A       8%          3
 Volatile Blastmotes      Fire/Tloc      40%        2d13      8%          3
 Mercury Vapours          Alch/Air       6%         N/A       19%         2
 Olgreb's Toxic Radiance  Alch           3%         N/A       77%         4
 Irradiate                Conj/Alch      6%         3d13      78%         5
 Ignition                 Fire           18%        3d7       100%        8


Dungeon Overview and Level Annotations

Branches:
Dungeon (5/15)
 Temple: D:4-7

Altars:
Ashenzari
Gozag
Kikubaaqudgha
Makhleb
Uskayaw
Wu Jian

Shops:
D:2 !


Message History

You conjure some foxfire!
The foxfire hits the iguana!
The iguana is severely wounded.
A shadow comes into view.
The foxfire hits the iguana!
The iguana is almost dead.
The foxfire hits the iguana.
You kill the iguana!
The foxfire hits the shadow.
The shadow is lightly damaged.
Things that are here:
a +0 giant spiked club; an ogre corpse
Found 5 javelins and a bronze wand.
Casting: Foxfire (safe; 1% risk of failure)
Confirm with . or Enter, or press ? or * to list all spells.
You conjure some foxfire!
The shadow slips into darkness.
The shadow flickers and vanishes!
Deactivating autopickup; reactivate with Ctrl-A.
Magic courses through your body.
The foxfire hits something.
Casting: Foxfire (safe; 1% risk of failure)
Confirm with . or Enter, or press ? or * to list all spells.
You conjure some foxfire!
A hound comes into view.
Casting: Foxfire (safe; 1% risk of failure)
Confirm with . or Enter, or press ? or * to list all spells.
You can't see any susceptible monsters within range! (Use Z to cast anyway.)
Casting: Foxfire (safe; 1% risk of failure)
Confirm with . or Enter, or press ? or * to list all spells.
Flames lash something.
The foxfire hits something but does no damage.
The foxfire hits something.
Casting: Scorch (safe; 1% risk of failure)
Confirm with . or Enter, or press ? or * to list all spells.
Flames lash something.
Casting: Scorch (safe; 1% risk of failure)
Confirm with . or Enter, or press ? or * to list all spells.
Flames lash something.
The shadow strikes at you from the darkness!
Ouch! That really hurt!
You die...

#.############
#............#
############.# #.#
######### #.#
#/......# #.#
#.......# #.#
#.......####.#######
+.....@.h..)...†....
#.......####.#.#####
#......... $.....
#.....(..###.#.##.#
########.# #.#.# #
.. ..# # ######


You could see a hound.

Vanquished Creatures
  An ogre (D:5)
  2 phantoms (D:4)
  A bombardier beetle (D:4)
  An orc priest (D:3)
  A hound (D:5)
  2 jellies (D:2)
  2 iguanas (D:5)
  4 adders
  2 ufetubi (D:5)
  A dart slug (D:4)
  2 ribbon worms (D:2)
  20 orcs
  5 bats
  9 endoplasms
  3 giant cockroaches
  6 goblins
  6 hobgoblins
  3 jackals (D:3)
  5 quokkas
  A ball python (D:3)
  2 frilled lizards
  13 kobolds
  4 rats
96 creatures vanquished.

Vanquished Creatures (others)
  214 foxfires
214 creatures vanquished.

Grand Total: 310 creatures vanquished

Notes
Turn   | Place    | Note
-------+----------+-------------------------------------------
     0 | D:1      | hawla the Deep Elf Fire Elementalist began the quest for
                  | the Orb.
     0 | D:1      | Reached XP level 1. HP: 10/10 MP: 6/6
   253 | D:1      | Reached XP level 2. HP: 15/15 MP: 5/8
   254 | D:1      | Reached skill level 4 in Fire Magic
   815 | D:2      | Found a hide-covered altar of Uskayaw.
   960 | D:2      | Found Kaumerul's Distillery.
   970 | D:2      | Reached XP level 3. HP: 19/19 MP: 5/9
  1007 | D:2      | Learned a level 2 spell: Scorch
  1008 | D:2      | Bought a potion of lignification for 39 gold pieces
  1405 | D:2      | Reached skill level 5 in Fire Magic
  1623 | D:2      | Found a hide-covered altar of Uskayaw.
  1623 | D:2      | Found a broken altar of Ashenzari.
  1623 | D:2      | Found an opulent altar of Gozag.
  1623 | D:2      | Found a burning altar of Makhleb.
  1623 | D:2      | Found an ancient bone altar of Kikubaaqudgha.
  1623 | D:2      | Found an ornate altar of the Wu Jian Council.
  1635 | D:2      | Reached XP level 4. HP: 24/24 MP: 3/10
  1772 | D:2      | Reached skill level 6 in Fire Magic
  2379 | D:3      | Reached XP level 5. HP: 28/28 MP: 5/11
  2591 | D:3      | Found a faded altar of an unknown god.
  2983 | D:4      | Reached skill level 7 in Fire Magic
  3031 | D:4      | Noticed a phantom
  3047 | D:4      | Killed a phantom
  3048 | D:4      | Reached XP level 6. HP: 9/32 MP: 5/12
  3070 | D:4      | Learned a level 4 spell: Flame Wave
  4000 | D:5      | Entered Level 5 of the Dungeon
  4130 | D:5      | Reached XP level 7. HP: 9/36 MP: 2/13
  4158 | D:5      | Noticed a shadow
  4171 | D:5      | Slain by a shadow

Illustrated notes

Levels and vault maps discovered:
D:1:      minmay_arrival_cross, layout_loops_ring
D:2:      cheibrodos_fertilizer, layout_loops_ring, serial_shops,
          nicolae_shop_statue_plus, basic_altar
D:3:      layout_rooms, hellmonk_ecumenical_altar_prayer_group
D:4:      layout_cave_pods
D:5:      minmay_diamond_boxcup, layout_basic, nicolae_shop_vocational

Skill      XL: |  1  2  3  4  5  6 |
---------------+-------------------+-----
Fire Magic     | 4 5 6 7 |  7.8
Conjurations   | 4 |  4.7
Dodging        | |  2.4
Stealth        | |  2.4
Spellcasting   | |  3.0

Action                     |  1- 3 |  4- 6 |  7- 9 || total
---------------------------+-------+-------+-------++-------
  Melee: Unarmed           |     3 |    22 |       ||    25
   Cast: Foxfire           |    54 |    67 |     7 ||   128
         Scorch            |    10 |    24 |     3 ||    37
         Flame Wave        |       |     1 |       ||     1
    Use: Scroll            |     3 |     7 |       ||    10
         Potion            |       |     6 |     1 ||     7
 Armour: Robe              |    12 |    27 |     1 ||    40
         Skin              |       |    12 |       ||    12
  Dodge: Dodged            |    17 |    18 |       ||    35
